AoeStats
← bluesuitandtie

Nomad

510908738Analyzed
2v2 RM · 12h ago on Oct 3, 2026· 38m 48s· 4 players
Game mode
Random Map
Map size
176×176
Population
200
Speed
Normal
Resources
Standard
Victory
Conquest
Starting age
Dark Age
Ending age
Imperial Age
RankedLock teamsTeams togetherTeam positionsShared explorationLock speedFull tech treeHidden civsTurbo modeCheats
Victory
Defeat
🇺🇸 Franks · United States
787
+16
🇺🇸 Huns · United States
738
+18
🇲🇽 Bulgarians · Mexico
782
-17
🇳🇿 Burgundians · New Zealand
782
-17
ray_gapist_69
14:02 Feudal Age
14:36 Man-at-Arms
19:11 Bloodlines
28:53 Castle Age
28:01 Wheelbarrow
30:38 Pikeman
31:39 Horse Collar
34:29 Hand Cart
bluesuitandtie
13:00 Feudal Age
14:07 Double-Bit Axe
22:00 Castle Age
21:45 Scale Barding Armor
21:51 Forging
22:54 Husbandry
30:18 Chain Barding Armor
joelsc22
5:15 Loom
15:28 Feudal Age
17:43 Wheelbarrow
16:55 Double-Bit Axe
17:22 Fishing Lines
21:30 Castle Age
19:39 Town Watch
25:40 Gillnets
34:04 Imperial Age
34:06 Squires
33:52 Arson
34:20 Forging
34:10 Scale Mail Armor
35:07 Hand Cart
35:08 Bow Saw
Chase
8:37 Double-Bit Axe
11:20 Loom
11:34 Fishing Lines
13:17 Wheelbarrow
18:22 Feudal Age
17:10 Gold Mining
17:13 Stone Mining
19:25 Bow Saw
19:02 Town Watch
19:35 Hand Cart
19:13 Gillnets
20:36 Gold Shaft Mining
20:37 Stone Shaft Mining
25:11 Fletching
25:36 Forging
25:27 Scale Mail Armor
27:56 Castle Age
30:14 Bodkin Arrow
30:22 Squires
29:43 Pikeman
30:09 Arson
32:10 Ballistics
31:47 Murder Holes
32:31 Guard Tower
32:22 Treadmill Crane
33:27 Medium Warships
35:34 Masonry
Connection lost

Rejoining the realm…

Still unreachable

The connection could not be restored.

Session expired

The server has moved on; the page needs a fresh start.